 Dungeon Crawl Stone Soup version 0.29.0-4-gdea44cf6ec (webtiles) character file.

Game seed: 12638020651606582614

214 qw the Sneak (level 5, 0/32 HPs)
             Began as a Gargoyle Delver on Sept 10, 2022.
             Slain by Sigmund
             ... wielding a +0 scythe
              (8 damage)
             ... on level 3 of the Dungeon.
             The game lasted 00:01:07 (3014 turns).

qw the Sneak (Gargoyle Delver)                      Turns: 3014, Time: 00:01:08

Health: 0/32       AC: 13    Str: 17    XL:     5   Next: 92%
Magic:  5/5        EV:  7    Int: 11    God:
Gold:   159        SH:  5    Dex: 11    Spells: 4/4 levels left

rFire   . . .      SeeInvis .   Y - +0 hand axe
rCold   + . .      Faith    .   (no shield)
rNeg    + . .      Spirit   .   b - +0 chain mail
rPois   inf        Reflect  +   (no helmet)
rElec   +          Harm     .   (no cloak)
rCorr   .          Rampage  .   (no gloves)
Will    .....                   d - +0 pair of boots
Stlth   ..........              l - amulet "Guras" {Reflect rC+ SH+5}
HPRegen 0.10/turn               (no ring)
MPRegen 0.09/turn               (no ring)

@: about to teleport
A: sickness immunity, AC +4, negative energy resistance 1, electricity
resistance, torment resistance 1, petrification resistance
a: no special abilities


You were on level 3 of the Dungeon.
You visited 1 branch of the dungeon, and saw 5 of its levels.

You collected 183 gold pieces.
You spent 24 gold pieces at shops.


Innate Abilities, Weirdness & Mutations

You are immune to sickness and miasma.
Your stone body is resilient. (AC +4)
You are immune to poison.
You resist negative energy. (rN+)
You are resistant to electric shocks. (rElec)
You are resistant to unholy torment.
You are immune to petrification.


   Skills:
 + Level 3.3 Fighting
 - Level 5.0 Axes
 - Level 2.0 Armour
 - Level 1.5 Dodging
 - Level 5.4 Stealth


You had 4 spell levels left.
You didn't know any spells.
Your spell library was empty.

Inventory:

Hand Weapons
 a - a +0 flail
 Y - a +0 hand axe (weapon)
Armour
 b - a +0 chain mail (worn)
 d - a +0 pair of boots (worn)
Jewellery
 l - the amulet "Guras" (around neck) {Reflect rC+ SH+5}
   (You found it on level 2 of the Dungeon)

   [amulet of reflection]

   It reflects blocked missile attacks.
   rC:        It protects you from cold.
   SH:        It affects your SH (+5).
 m - a ring of see invisible
Wands
 g - a wand of digging (3)
Scrolls
 i - a scroll of teleportation
 k - a scroll of identify
Potions
 c - a potion of lignification {unknown}
 e - a potion of might {unknown}
 f - a potion of haste
 h - 2 potions of mutation {unknown}
 j - a potion of heal wounds {unknown}
 n - a potion of cancellation {unknown}

Dungeon Overview and Level Annotations

Branches:
Dungeon (5/15)
 Temple: D:4-7

Altars:

Shops:
D:1 *   D:2 (

Annotations:
D:3 Sigmund


Message History

HP restored.
You see here a ball python corpse.
You see here an adder corpse.
A hobgoblin comes into view.
You hit the hobgoblin but do no damage. The hobgoblin hits you.
You barely miss the hobgoblin.
The hobgoblin hits you but does no damage.
You hit the hobgoblin.
You kill the hobgoblin!
You start resting.
HP restored.
You see here a hobgoblin corpse.
Sigmund the Dreaded comes into view.
He is wielding a +0 scythe.
Found a buckler.
Sigmund shouts!
A hobgoblin comes into view. x2
3006 ||| Stepping ~*~*~tactically~*~*~ (hiding).
3007 ||| Stepping ~*~*~tactically~*~*~ (hiding).
You see here a hobgoblin corpse.
The hobgoblin shouts! x2
Sigmund points at you and mumbles some strange words.
The magic dart hits you!
A worm comes into view.
Sigmund hits you with a +0 scythe! You block the hobgoblin's attack.
You closely miss Sigmund. You hit the hobgoblin.
You block the hobgoblin's attack. Sigmund hits you but does no damage.
You hit the hobgoblin.
You kill the hobgoblin!
You hit the hobgoblin. You hit Sigmund but do no damage.
The hobgoblin hits you.
You hit the hobgoblin.
You kill the hobgoblin!
You barely miss Sigmund. Sigmund hits you with a +0 scythe!
3014 ||| READING 2 scrolls of teleportation.
As you read the scroll of teleportation, it crumbles to dust.
You feel strangely unstable. Sigmund hits you with a +0 scythe!
You die...

########### #.# #... #.#
##...## #%# #...... #.##
#...... #########...
#..[... #.......#...
#...... #.......##..
......w######.......##..
......@@..%........%....
......%######...........
....... #...........
....... #...........
....... ###%####....
######. #.# #.... #. #.#
#.... #. #.# ####. #.#
#.


You could see Sigmund and a worm.

Vanquished Creatures
  A scorpion (D:4)
  An orc priest (D:3)
  5 adders (D:3)
  2 dart slugs
  5 orcs (D:3)
  4 endoplasms
  A giant cockroach (D:1)
  5 hobgoblins
  4 jackals (D:3)
  4 kobolds
  4 quokkas
  6 ball pythons
  A bat (D:3)
  2 frilled lizards (D:1)
  8 goblins
  23 rats
76 creatures vanquished.

Notes
Turn   | Place    | Note
-------+----------+-------------------------------------------
     0 | D:5      | qw the Gargoyle Delver began the quest for the Orb.
     0 | D:5      | Reached XP level 1. HP: 14/14 MP: 1/1
     0 | D:5      | 0 ||| qw: Version: 0.1-a-116-g5d60599
     0 | D:5      | 0 ||| qw: Game counter: 8832
     0 | D:5      | 0 ||| qw: Always use a shield: true
     0 | D:5      | 0 ||| qw: God list: Okawaru
     0 | D:5      | 0 ||| qw: Allow faded altars: false
     0 | D:5      | 0 ||| qw: Do Orc after D:15 true
     0 | D:5      | 0 ||| qw: Do second Lair branch before Depths: true
     0 | D:5      | 0 ||| qw: Lair rune preference: random
     0 | D:5      | 0 ||| qw: Plans: Normal
     0 | D:5      | 0 ||| PLANNING D:1-11
     0 | D:5      | 0 ||| DROPPING scroll of fog.
     1 | D:5      | 1 ||| DROPPING scroll of magic mapping.
     2 | D:5      | 2 ||| DROPPING scroll of fear.
     7 | D:4      | Noticed a scorpion
    30 | D:4      | Killed a scorpion
    31 | D:4      | Reached skill level 3 in Axes
    31 | D:4      | Reached XP level 2. HP: 7/19 MP: 2/2
    31 | D:4      | Reached XP level 3. HP: 8/23 MP: 3/3
    31 | D:4      | Reached XP level 4. HP: 10/28 MP: 4/4
   275 | D:4      | 275 ||| UPGRADING to +0 scale mail.
   285 | D:4      | 285 ||| DROPPING +0 leather armour.
   286 | D:4      | 286 ||| READING scroll labelled FOLOM DELAESOFF.
   409 | D:3      | Reached skill level 1 in Armour
   411 | D:3      | HP: 7/28 [orc/+0 dagger (2)]
   668 | D:3      | 668 ||| DROPPING +0 club.
   777 | D:3      | 777 ||| UPGRADING to +0 chain mail.
   787 | D:3      | 787 ||| DROPPING +0 scale mail.
   800 | D:2      | 800 ||| Stepping ~*~*~tactically~*~*~ (stealth).
   809 | D:2      | Reached XP level 5. HP: 25/32 MP: 5/5
  1067 | D:2      | Found Lykk's Antique Weapon Shop.
  1074 | D:2      | 1074 ||| READING scroll labelled ETESIF OMEU.
  1415 | D:1      | 1415 ||| Stepping ~*~*~tactically~*~*~ (stealth).
  1798 | D:1      | Found Woask's General Store.
  1803 | D:1      | 1803 ||| SHOPLISTING scroll of acquirement (624 gold, have
                  | 65).
  1803 | D:1      | 1803 ||| BUYING scroll of identify (24 gold).
  1803 | D:1      | Bought a scroll of identify for 24 gold pieces
  1826 | D:1      | 1826 ||| UPGRADING to +0 pair of boots.
  1831 | D:1      | 1831 ||| READING 2 scrolls labelled BIQUEPNOFO.
  1849 | D:2      | 1849 ||| SHOPLISTING runed hand axe (150 gold, have 55).
  2166 | D:2      | Identified the amulet "Guras" {Reflect rC+ SH+5}
  2304 | D:2      | 2304 ||| UPGRADING to amulet "Guras" {Reflect rC+ SH+5}.
  2309 | D:2      | 2309 ||| READING scroll labelled BUSCHE HOILUK.
  2376 | D:3      | 2376 ||| Stepping ~*~*~tactically~*~*~ (stealth).
  2378 | D:3      | 2378 ||| Stepping ~*~*~tactically~*~*~ (stealth).
  2380 | D:3      | 2380 ||| Stepping ~*~*~tactically~*~*~ (hiding).
  3005 | D:3      | Noticed Sigmund
  3006 | D:3      | 3006 ||| Stepping ~*~*~tactically~*~*~ (hiding).
  3007 | D:3      | 3007 ||| Stepping ~*~*~tactically~*~*~ (hiding).
  3013 | D:3      | HP: 8/32 [Sigmund/+0 scythe (8)]
  3014 | D:3      | 3014 ||| READING 2 scrolls of teleportation.
  3014 | D:3      | Slain by Sigmund

Levels and vault maps discovered:
D:1:      sevenhm_arrival_forest_fort_large_4, layout_rooms, serial_shops,
          nicolae_shop_hallway_plus
D:2:      layout_rooms, serial_shops, nicolae_shop_crystal, minmay_rat_hole
D:3:      layout_basic, uniq_sigmund
D:4:      layout_loops_ring, slow_altar_2, lemuel_temple_firewalk_a,
          ebering_ghost_reflecting_pool, minmay_misc_feat_cross
D:5:      layout_gridville, kennysheep_mini, nicolae_shop_unique_rings,
          minmay_fractal_squares_diagonal_5, uniq_pikel

Skill      XL: |  1  2  3  4  5 |
---------------+----------------+-----
Axes           | 3 4 5 |  5.0
Armour         | 2 |  2.0
Fighting       | |  3.3
Dodging        | |  1.5
Stealth        | |  5.4

Action                   |  1- 3 |  4- 6 || total
-------------------------+-------+-------++-------
Melee: Hand axe          |    15 |   247 ||   262
  Use: Scroll            |       |     5 ||     5
 Stab: Sleeping          |       |     1 ||     1
Armor: Leather armour    |     3 |       ||     3
       Scale mail        |       |    22 ||    22
       Chain mail        |       |   116 ||   116
Dodge: Dodged            |    13 |    89 ||   102
Block: Other             |       |    16 ||    16

Table legend:
 A = Non-vault XP
 B = Vault XP
 C = Vault XP percentage of total XP
 D = Non-vault monster count
 E = Vault monster count
 F = Vault count percentage of total count
                 A         B        C        D         E       F
            +---------+---------+-------+---------+---------+-------
      Total |     287 |      20 |   6.5 |      57 |      19 |  25.0
            +---------+---------+-------+---------+---------+-------
        D:1 |      33 |       0 |   0.0 |      20 |       0 |   0.0
        D:2 |      13 |      20 |  60.6 |       8 |      19 |  70.4
        D:3 |     152 |       0 |   0.0 |      26 |       0 |   0.0
        D:4 |      89 |       0 |   0.0 |       3 |       0 |   0.0
            +---------+---------+-------+---------+---------+-------
